 Dungeon Crawl Stone Soup version 0.14.2 (webtiles) character file.

1017 Stagor the Covered (level 7, -1/61 HPs)
             Began as a Deep Dwarf Healer on Feb 6, 2016.
             Was an Initiate of Kikubaaqudgha.
             Slain by an ogre
             ... wielding a +0,+0 giant club
              (8 damage)
             ... on Level 5 of the Dungeon.
             The game lasted 01:01:35 (3644 turns).

Stagor the Covered (Deep Dwarf Healer)              Turns: 3644, Time: 01:01:35

HP  -1/61        AC  8     Str 15      XL: 7   Next: 63%
MP  14/14        EV  8     Int 15      God: Kikubaaqudgha [......]
Gold 195         SH  0     Dex 12      Spells:  0 memorised, 12 levels left

rFire  . . .     SeeInvis .     N - +4,-1 flail (crush)
rCold  . . .     Clarity  .     O - +0 scale mail {MR+}
rNeg   . . .     Conserve .     (no shield)
rPois  .         rCorr    .     (no helmet)
rElec  .         rRot     .     (no cloak)
SustAb . .       Spirit   .     (no gloves)
rMut   .         Warding  .     j - +0 pair of boots
Saprov . . .     Stasis   .     (no amulet)
MR     ++...                    (no ring)
                                (no ring)

@: non-regenerating, very resistant to hostile enchantments, extremely
unstealthy
A: damage resistance, recharge devices, sense surroundings 1, slow healing 3
a: Device Recharging, Renounce Religion


You were on level 5 of the Dungeon.
You worshipped Kikubaaqudgha.
Kikubaaqudgha was noncommittal.
You were not hungry.

You visited 1 branch of the dungeon, and saw 5 of its levels.

You collected 195 gold pieces.

Inventory:

Hand weapons
 e - a +0,+0 flail
 g - a +2,+2 flail
 h - a +0,+0 whip
 i - a +2,+1 bow
 k - a +0,+0 whip of flaming
 v - a +1,+3 mace
 N - a +4,-1 flail of crushing (weapon)
Missiles
 w - 65 stones (quivered)
Armour
 a - a +1 robe
 j - a +0 pair of boots (worn)
 x - a +0 plate armour
 K - a +0 chain mail
 M - a +0 ring mail of magic resistance
 O - a +0 scale mail of magic resistance (worn)
Magical devices
 d - a wand of heal wounds (7)
 m - a wand of draining (2)
 J - a wand of confusion (0)
Comestibles
 f - 4 bread rations
 n - a pear
 L - a meat ration
Scrolls
 q - 10 scrolls of identify
 y - a scroll of amnesia
 z - 2 scrolls of magic mapping {unknown}
 A - 2 scrolls of remove curse
 B - 3 scrolls of teleportation
 D - a scroll of enchant armour {unknown}
 E - a scroll of blinking {unknown}
 H - 4 scrolls of enchant weapon I {unknown}
Jewellery
 o - a -2 ring of intelligence
 p - an uncursed ring of teleportation
 G - a -4 ring of dexterity
Potions
 b - 5 potions of curing
 c - a potion of haste
 l - a potion of restore abilities
 s - a potion of agility
Books
 I - a Grand Grimoire {highlevel, unknown}

   This book is beyond your current level of understanding.

   Spells                             Type                      Level
   Aura of Abjuration                 Summoning                    6
   Forceful Dismissal                 Summoning                    6
   Haunt                              Necromancy/Summoning         7
   Summon Greater Demon               Summoning                    7
   Malign Gateway                     Summoning/Translocation      7
   Summon Horrible Things             Summoning                    8


   Skills:
 + Level 2.9 Fighting
 + Level 4.0 Maces & Flails
 + Level 5.1 Armour
 - Level 2.3 Dodging
 + Level 1.0 Stealth
 + Level 0.1 Unarmed Combat
 * Level 3.1 Spellcasting
   Level 4.3 Invocations


You had 12 spell levels left.
You didn't know any spells.

Dungeon Overview and Level Annotations

Branches:
Dungeon (5/15)
 Temple: D:4-7

Altars:
Kikubaaqudgha
The Shining One


Innate Abilities, Weirdness & Mutations

You are resistant to damage.
You can recharge devices by infusing magical energy.
You passively map a small area around you.
You do not heal naturally.


Message History

Found a stone staircase leading up.
An ogre comes into view. It is wielding a giant club.
The ogre shouts!
The ogre hits you with a giant club!
There is a stone staircase leading up here.
The ogre closely misses you. Elyvilon blocks your attack.
The ogre hits you with a giant club!
* * * LOW HITPOINT WARNING * * *
You hit the ogre.
The ogre is lightly wounded.
The ogre barely misses you.
You thump the ogre!
The ogre is heavily wounded.
The ogre barely misses you.
Your scale mail prevents you from hitting the ogre.
The ogre is heavily wounded.
The ogre hits you with a giant club!
You die...
Kikubaaqudgha rasps: "You have failed me!
Welcome... death!"

########################
#......@O...............
########................
#................
#................ ,
..................
...................
...................
###................ *
#................


You could see an ogre.

Vanquished Creatures
  Grinder (D:3)
  Edmund (D:4)
  A centaur (D:5)
  An ogre (D:5)
  A jelly (D:5)
  A crimson imp (D:5)
  Natasha (thrice) (D:4)
  Ijyb (D:2)
  Terence (D:3)
  3 adders
  A giant mite (D:3)
  A white imp (D:4)
  7 worms
  A giant eyeball (D:4)
  4 giant geckos
  2 oozes
  11 orcs
  5 giant cockroaches
  8 hobgoblins
  5 jackals
  10 kobolds
  A ball python (D:1)
  11 bats
  A giant newt (D:3)
  4 goblins
  A hobgoblin skeleton (D:4)
  A jackal skeleton (D:5)
  10 rats
98 creatures vanquished.

Notes
Turn   | Place    | Note
--------------------------------------------------------------
     0 | D:1      | Stagor, the Deep Dwarf Healer, began the quest for the Orb.
     0 | D:1      | Reached XP level 1. HP: 16/16 MP: 2/2
   167 | D:1      | Reached skill level 4 in Invocations
   301 | D:1      | Reached XP level 2. HP: 24/24 MP: 4/4
   336 | D:1      | Reached skill level 1 in Fighting
   782 | D:2      | Reached XP level 3. HP: 28/31 MP: 5/5
   805 | D:2      | Reached skill level 1 in Spellcasting
   880 | D:2      | Noticed Ijyb
   903 | D:2      | Killed Ijyb
   933 | D:2      | Reached skill level 1 in Armour
   975 | D:2      | Reached skill level 1 in Maces & Flails
  1046 | D:3      | Reached XP level 4. HP: 29/38 MP: 7/7
  1092 | D:3      | Noticed Grinder
  1108 | D:3      | Paralysed by Grinder for 7 turns
  1129 | D:3      | Paralysed by Grinder for 6 turns
  1153 | D:3      | Killed Grinder
  1153 | D:3      | Reached XP level 5. HP: 35/45 MP: 5/9
  1153 | D:3      | Reached XP level 6. HP: 40/52 MP: 6/11
  1174 | D:3      | Noticed Terence
  1221 | D:3      | Killed Terence
  1933 | D:3      | Was placed under penance by Elyvilon
  1983 | D:3      | Fell from the grace of Elyvilon
  2246 | D:4      | Noticed Natasha
  2296 | D:4      | Killed Natasha
  2372 | D:4      | Found a glowing golden altar of the Shining One.
  2372 | D:4      | Found an ancient bone altar of Kikubaaqudgha.
  2382 | D:4      | Noticed Natasha
  2386 | D:4      | Killed Natasha
  2617 | D:4      | Noticed Natasha
  2624 | D:4      | Killed Natasha
  2672 | D:4      | Noticed Edmund
  2699 | D:4      | Killed Edmund
  2699 | D:4      | Reached XP level 7. HP: 17/60 MP: 13/13
  2815 | D:4      | Became a worshipper of Kikubaaqudgha
  3055 | D:5      | Entered Level 5 of the Dungeon
  3240 | D:5      | Reached skill level 5 in Armour
  3472 | D:5      | Reached skill level 1 in Stealth
  3644 | D:5      | Slain by an ogre

Action                   |  1- 3 |  4- 6 |  7- 9 || total
-------------------------+-------+-------+-------++-------
Melee: Whip              |    28 |       |       ||    28
       Unarmed           |     3 |     1 |       ||     4
       Mace              |   108 |   282 |     1 ||   391
       Flail             |       |       |    91 ||    91
Invok: Lesser Self-Heali |     5 |     9 |       ||    14
       Divine Protection |     1 |     2 |       ||     3
       Renounce Religion |       |     1 |       ||     1
Evoke: Wand              |       |       |     2 ||     2
  Use: Scroll            |       |     4 |     4 ||     8
       Potion            |       |     2 |     4 ||     6
 Stab: Invisible         |       |       |     1 ||     1
